 Dungeon Crawl Stone Soup version 0.21-a0-404-g291f19a (webtiles) character file.

6863 kae the Geomancer (level 11, 0/54 HPs)
             Began as a Gargoyle Earth Elementalist on Oct 27, 2017.
             Was a Follower of Vehumet.
             Slain by a yak (10 damage)
             ... on level 10 of the Dungeon.
             The game lasted 00:11:44 (10656 turns).

kae the Geomancer (Gargoyle Earth Elementalist)    Turns: 10656, Time: 00:11:44

Health: 0/54       AC: 12    Str: 12    XL:     11   Next: 6%
Magic:  12/24      EV: 12    Int: 19    God:    Vehumet [*.....]
Gold:   526        SH:  0    Dex: 10    Spells: 15/28 levels left

rFire    + . .     SeeInvis .   l - +2 dagger (venom)
rCold    . . .     Gourm    .   (no shield)
rNeg     + + .     Faith    .   j - +2 robe {rN+}
rPois    ∞         Spirit   .   (no helmet)
rElec    +         Reflect  .   (no cloak)
rCorr    .         Harm     .   (no gloves)
MR       .....                  (no boots)
Stlth    ++........             (no amulet)
HPRegen  0.18/turn              x - ring of protection from fire
MPRegen  0.19/turn              (no ring)

@: no status effects
A: negative energy resistance 1, electricity resistance, unbreathing,
petrification resistance, rot immunity, AC +8
a: Renounce Religion


You were on level 10 of the Dungeon.
You worshipped Vehumet.
Vehumet was aware of your devotion.
You were not hungry.

You visited 2 branches of the dungeon, and saw 12 of its levels.

You collected 526 gold pieces.

Inventory:

Hand Weapons
 l - a +2 dagger of venom (weapon)
Missiles
 b - 216 stones (quivered)
Armour
 c - a +1 robe
 j - a +2 robe of positive energy (worn)
 P - a cursed +0 robe
Jewellery
 x - a ring of protection from fire (left hand)
 J - an uncursed ring of protection from cold {unknown}
Wands
 k - a wand of paralysis (9/24)
 n - a wand of disintegration (18/24)
 v - a wand of disintegration (13/24)
 F - a wand of flame (24/48)
 I - a wand of flame (20/48)
 K - a wand of polymorph (8/24)
 L - a wand of lightning (10/15)
 M - a wand of enslavement (12/24)
Scrolls
 h - 2 scrolls of enchant armour
 i - 8 scrolls of enchant weapon
 w - a scroll of magic mapping
 C - 2 scrolls of recharging
 G - a scroll of fog
 N - a scroll of amnesia
 O - a scroll of teleportation
Potions
 a - 2 potions of ambrosia
 f - 3 potions of curing
 g - a potion of invisibility {unknown}
 m - 4 potions of resistance
 o - a potion of lignification {unknown}
 p - 3 potions of flight
 q - a potion of mutation
 t - a potion of degeneration {unknown}
 u - a potion of haste {unknown}
 A - 2 potions of brilliance {unknown}
 E - a potion of agility {unknown}
Books
 e - a book of Geomancy

   Spells                             Type                      Level
   a - Sandblast                      Earth                        1
   b - Passwall                       Transmutation/Earth          2
   c - Stone Arrow                    Conjuration/Earth            3
   d - Petrify                        Transmutation/Earth          4
   e - Lee's Rapid Deconstruction     Earth                        5
 s - a book of Necromancy

   Spells                             Type                      Level
   a - Pain                           Necromancy                   1
   b - Animate Skeleton               Necromancy                   1
   c - Vampiric Draining              Necromancy                   3
   d - Regeneration                   Charms/Necromancy            3
   e - Animate Dead                   Necromancy                   4
   f - Control Undead                 Necromancy                   4
 D - a book of Callings

   Spells                             Type                      Level
   a - Summon Small Mammal            Summoning                    1
   b - Call Imp                       Summoning                    2
   c - Call Canine Familiar           Summoning                    3
   d - Summon Guardian Golem          Hexes/Summoning              3
   e - Summon Lightning Spire         Summoning/Air                4
   f - Summon Ice Beast               Ice/Summoning                4
Comestibles
 d - 5 bread rations
 r - 2 royal jellies
 z - 4 meat rations
 B - 14 fruits
 H - 5 chunks of flesh


   Skills:
 - Level 5.0 Short Blades
 - Level 1.5 Dodging
 - Level 2.1 Stealth
 + Level 9.2 Spellcasting
 + Level 7.8 Conjurations
 - Level 0.7 Transmutations
 + Level 12.0 Earth Magic


You had 15 spell levels left.
You knew the following spells:

 Your Spells              Type           Power        Failure   Level  Hunger
a - Sandblast             Erth           ######       1%          1    None
b - Stone Arrow           Conj/Erth      #####.       1%          3    None
c - Lee's Rapid Deconstr  Erth           ######....   1%          5    #####..
d - Petrify               Tmut/Erth      ####....     6%          4    ###....


Dungeon Overview and Level Annotations

Branches:
Dungeon (11/15)            Temple (1/1) D:4
   Lair: D:8-11         Orc: D:9-12

Altars:
Ashenzari
Cheibriados
Dithmenos
Elyvilon
Fedhas
Gozag
Hepliaklqana
Kikubaaqudgha
Makhleb
Nemelex Xobeh
Okawaru
Qazlal
Ru
Sif Muna
Trog
Uskayaw
Vehumet
Wu Jian
Xom
Yredelemnul
Zin
The Shining One
Lugonu

Annotations:
D:2 exclusion: orc priest
D:8 Psyche


Innate Abilities, Weirdness & Mutations

You are resistant to torment.
Your stone body is resilient. (AC +8)
You are immune to poison.
You resist negative energy. (rN+)
You are resistant to electric shocks. (rElec)
You can survive without breathing.
You are immune to petrification.
You are immune to rotting.


Message History

Aim: a yak (fleeing)
The stone arrow hits the yak.
The yak is heavily wounded.
Your attack snaps the yak out of its fear.
Casting: Stone Arrow
Confirm with . or Enter, or press ? or * to list all spells.
Aiming: Stone Arrow
Press: ? - help, Shift-Dir - straight line, f/p - yak
Aim: a yak (heavily wounded)
The stone arrow hits the yak.
The yak is severely wounded.
Casting: Stone Arrow
Confirm with . or Enter, or press ? or * to list all spells.
Aiming: Stone Arrow
Press: ? - help, Shift-Dir - straight line, f/p - yak
Aim: a yak (severely wounded)
The stone arrow hits the yak.
The yak is almost dead.
The yak gores you!
You die...

#.......#..............)..)...
#.......#.......########..####
##.......#.......#.............
#......).#.......#.............
#...######.......#.............
#...#..?.........#.............
#.)(#.......>....#.............
#.))#####.....Y..#.......[.....
#........[....@..#.............
#.......#........#.............
#..[...#.........##############
#......+.......................
#......#.....................##
###....#.....................#.
#....###...................#.
#......#...................#.
#......#.......##########..#<


You could see a yak.

Vanquished Creatures
  3 two-headed ogres
  A komodo dragon (D:10)
  3 hippogriffs
  3 yaks
  A hungry ghost (D:8)
  A soldier ant (D:10)
  An orc warrior (D:10)
  4 sky beasts
  4 phantoms
  4 ogres
  3 centaurs
  A big kobold (D:10)
  3 bullfrogs
  A scorpion (D:10)
  3 killer bees (D:9)
  4 wights (D:10)
  2 howler monkeys (D:10)
  5 crimson imps
  A bullfrog zombie (D:9)
  2 centaur skeletons
  3 hounds
  2 jellies
  2 orc priests (D:5)
  4 orc wizards
  A bullfrog skeleton (D:10)
  Jessica (D:2)
  3 iguanas
  10 worker ants
  4 hound zombies
  7 adders
  2 howler monkey skeletons
  3 shadow imps
  An ooze (D:1)
  An adder zombie (D:7)
  2 worms
  A dart slug (D:2)
  4 leopard geckos
  10 orcs
  2 ball pythons
  4 giant cockroaches
  7 goblins
  5 hobgoblins
  6 jackals
  3 quokkas
  5 bats (D:1)
  5 frilled lizards
  14 kobolds
  11 rats
173 creatures vanquished.

Notes
Turn   | Place    | Note
-------+----------+-------------------------------------------
     0 | D:1      | kae the Gargoyle Earth Elementalist began the quest for the Orb.
     0 | D:1      | Reached XP level 1. HP: 10/10 MP: 3/3
   242 | D:1      | Reached skill level 4 in Earth Magic
   242 | D:1      | Reached XP level 2. HP: 10/15 MP: 5/5
   516 | D:1      | Reached XP level 3. HP: 11/19 MP: 2/6
  1135 | D:2      | Found a sparkling altar of Nemelex Xobeh.
  1517 | D:2      | Noticed a moth of wrath
  1519 | D:2      | Noticed Jessica
  1557 | D:2      | Killed Jessica
  1557 | D:2      | Reached skill level 5 in Earth Magic
  1557 | D:2      | Reached XP level 4. HP: 13/24 MP: 3/8
  1558 | D:2      | Found a bloodstained altar of Trog.
  2493 | D:3      | Reached XP level 5. HP: 28/28 MP: 10/10
  2836 | D:4      | Reached skill level 1 in Short Blades
  2927 | D:4      | Found a burning altar of Makhleb.
  2988 | D:4      | Found a blossoming altar of Fedhas.
  3210 | D:4      | Found a staircase to the Ecumenical Temple.
  3431 | D:4      | Found a basalt altar of Yredelemnul.
  3647 | Temple   | Entered the Ecumenical Temple
  3713 | D:5      | Entered Level 5 of the Dungeon
  3929 | D:5      | Reached XP level 6. HP: 32/32 MP: 7/12
  3947 | D:5      | Reached skill level 6 in Earth Magic
  4155 | D:5      | Found an iron altar of Okawaru.
  4470 | D:5      | Reached XP level 7. HP: 24/36 MP: 13/13
  4921 | D:6      | Found an ancient bone altar of Kikubaaqudgha.
  4990 | D:6      | Reached skill level 7 in Earth Magic
  5056 | D:6      | Found a shadowy altar of Dithmenos.
  5275 | D:6      | Reached skill level 5 in Spellcasting
  5426 | D:6      | Found an opulent altar of Gozag.
  5564 | D:7      | Found an iron altar of Okawaru.
  5584 | D:7      | Reached XP level 8. HP: 32/41 MP: 15/15
  5684 | D:7      | Found a stormy altar of Qazlal.
  5748 | D:7      | Found a deep blue altar of Sif Muna.
  6113 | D:7      | Found a hazy altar of Hepliaklqana.
  6252 | D:8      | Reached skill level 8 in Earth Magic
  6341 | D:8      | Found a hide-covered altar of Uskayaw.
  6811 | D:8      | Noticed Psyche
  7059 | D:8      | Reached skill level 5 in Short Blades
  7084 | D:8      | Learned a level 3 spell: Stone Arrow
  7090 | D:8      | Learned a level 5 spell: Lee's Rapid Deconstruction
  7095 | D:8      | Learned a level 4 spell: Petrify
  7306 | D:9      | Found a radiant altar of Vehumet.
  7307 | D:9      | Noticed a hippogriff
  7312 | D:9      | Reached XP level 9. HP: 35/45 MP: 18/18
  7316 | D:9      | Reached skill level 1 in Conjurations
  7316 | D:9      | Reached skill level 9 in Earth Magic
  7324 | D:9      | Became a worshipper of Vehumet
  7680 | D:9      | Found a white marble altar of Elyvilon.
  8056 | D:9      | Noticed a two-headed ogre
  8059 | D:9      | Killed a two-headed ogre
  8059 | D:9      | Reached skill level 10 in Earth Magic
  8191 | D:9      | Noticed a two-headed ogre
  8197 | D:9      | Killed a two-headed ogre
  8197 | D:9      | Reached skill level 5 in Conjurations
  8197 | D:9      | Reached XP level 10. HP: 9/50 MP: 10/22
  8703 | D:10     | Entered Level 10 of the Dungeon
  8732 | D:10     | Noticed a two-headed ogre
  8741 | D:10     | Killed a two-headed ogre
  8741 | D:10     | Reached skill level 11 in Earth Magic
  9107 | D:10     | Reached * piety under Vehumet
  9107 | D:10     | Offered knowledge of Flame Tongue by Vehumet.
 10048 | D:10     | Found a shimmering altar of Xom.
 10539 | D:11     | Reached XP level 11. HP: 45/54 MP: 6/24
 10653 | D:10     | Reached skill level 12 in Earth Magic
 10656 | D:10     | Slain by a yak

Vault maps used:
D:1:      mrwooster_arrival_statue
D:2:      tgw_trog, nemelex_altar_shiori, grunt_ministairs_12, uniq_jessica
D:4:      lightli_temple_of_fire, fedhas_altar_1, marbit_many_paths,
          minmay_temple_entry_statues_pillars, first_bread
D:5:      okawaru_metal_pillars_1_2
D:6:      lemuel_crystal_altar, grunt_gozag_statues, overflow_temple_1_default
D:7:      grunt_qazlal_clouds, lemuel_coloured_pillars_altar,
          lemuel_crystal_altar, basic_altar
D:8:      eat_drink_and_be_merry_uskayaw, uniq_psyche
D:9:      kennysheep_little_box, vehumet_altar_wand_db, serial_curves,
          eino_curves_03, eino_curves_01
D:10:     basic_altar
D:11:     minmay_lair_entry_lava
Temple:   corrupted_temple

Skill      XL: |  1  2  3  4  5  6  7  8  9 10 11 |
---------------+----------------------------------+-----
Earth Magic    | 4 5 6 7 8 10 11 12 | 12.0
Spellcasting   | 3 4 5 6 8 9 |  9.2
Short Blades   | 1 2 3 5 |  5.0
Conjurations   | 5 7 |  7.8
Dodging        | |  1.5
Stealth        | |  2.1
Transmutations | |  0.7

Action                   |  1- 3 |  4- 6 |  7- 9 | 10-12 || total
-------------------------+-------+-------+-------+-------++-------
Melee: Whip              |   101 |       |       |       ||   101
       Unarmed           |    13 |       |       |       ||    13
       Dagger            |     7 |   106 |   225 |   192 ||   530
 Cast: Sandblast         |    17 |    21 |    44 |    26 ||   108
       Stone Arrow       |       |       |     7 |    36 ||    43
       Lee's Rapid Decon |       |       |       |     6 ||     6
  Use: Scroll            |     3 |     6 |     5 |     4 ||    18
 Stab: Sleeping          |     3 |     5 |     4 |     1 ||    13
       Distracted        |     1 |       |       |       ||     1
  Eat: Chunk             |     2 |     9 |    13 |     9 ||    33
Armor: Robe              |    44 |    44 |    78 |    68 ||   234
Dodge: Dodged            |    99 |    52 |   120 |   121 ||   392

Table legend:
 A = Spawn XP
 B = Non-spawn XP
 C = Spawn XP percentage of total XP
 D = Spawn monster count
 E = Non-spawn monster count
 F = Spawn count percentage of total count
 G = Total turns spent on level
                    A         B        C        D         E        F      G
               +---------+---------+-------+---------+---------+-------+---------
         Total |       0 |    9805 |   0.0 |       0 |     173 |   0.0 | 10656
               +---------+---------+-------+---------+---------+-------+---------
           D:1 |       0 |      51 |   0.0 |       0 |      27 |   0.0 |   915
           D:2 |       0 |      79 |   0.0 |       0 |      20 |   0.0 |  1261
           D:3 |       0 |      40 |   0.0 |       0 |       9 |   0.0 |   510
           D:4 |       0 |     118 |   0.0 |       0 |       5 |   0.0 |   982
           D:5 |       0 |     375 |   0.0 |       0 |      13 |   0.0 |  1139
           D:6 |       0 |     523 |   0.0 |       0 |      14 |   0.0 |   673
           D:7 |       0 |     213 |   0.0 |       0 |       5 |   0.0 |   661
           D:8 |       0 |     952 |   0.0 |       0 |      15 |   0.0 |  1096
           D:9 |       0 |    3020 |   0.0 |       0 |      20 |   0.0 |  1436
          D:10 |       0 |    3963 |   0.0 |       0 |      39 |   0.0 |  1897
          D:11 |       0 |     471 |   0.0 |       0 |       6 |   0.0 |    41
               +---------+---------+-------+---------+---------+-------+---------
